 Dungeon Crawl Stone Soup version 0.27.1-33-g824d729ab1 (webtiles) character file.

Game seed: 4560880191144513297

9305 ShinMegamiTenseiJew the Carver (level 11, -3/145 HPs)
             Began as a Minotaur Berserker on Dec 12, 2021.
             Was a High Priest of Trog.
             Killed from afar by an electric eel (7 damage)
             ... with a bolt of electricity
             ... on level 10 of the Dungeon.
             The game lasted 00:34:34 (10839 turns).

ShinMegamiTenseiJew the Carver (MiBe)              Turns: 10839, Time: 00:34:35

Health: -3/145     AC: 29    Str: 29 (31) XL:     11   Next: 21%
Magic:  10/10      EV:  2    Int:  2 (4)  God:    Trog [*****.]
Gold:   403        SH:  0    Dex:  9 (10) Spells: 10/10 levels left

rFire    . . .     SeeInvis .   j - +5 great sword
rCold    . . .     Faith    .   (shield currently unavailable)
rNeg     + + +     Spirit   .   (armour currently unavailable)
rPois    +         Reflect  .   (helmet currently unavailable)
rElec    .         Harm     .   (cloak currently unavailable)
rCorr    .         Rampage  .   (gloves currently unavailable)
Will     ++...     NoTele   +   (boots currently unavailable)
Stlth    ++........             (no amulet)
HPRegen  1.34/turn              n - +6 ring of strength
MPRegen  0.12/turn              k - +4 ring of protection

@: tree-form, strong-willed, regenerating
A: stationary, stasis, torment immunity, boosted hp, (horns 2), (retaliatory
headbutt)
a: Renounce Religion, Berserk, Trog's Hand, Brothers in Arms


You were on level 10 of the Dungeon.
You worshipped Trog.
Trog was extremely pleased with you.
You were a tree.
You visited 1 branch of the dungeon, and saw 10 of its levels.

You collected 403 gold pieces.

Inventory:

Hand Weapons
 g - a +2 flail of venom
 j - a +5 great sword (weapon)
 r - a +5 trident of freezing
 y - a +3 flail
Missiles
 v - 2 boomerangs (quivered)
Armour
 c - a +0 cloak (melded)
 o - the +1 ring mail "Cachics" {Slay+2}
   (You found it on level 6 of the Dungeon)

   Slay:      It affects your accuracy & damage with ranged weapons and melee
   (+2).
 z - a +0 plate armour (melded)
Jewellery
 k - a +4 ring of protection (right branch)
 n - a +6 ring of strength (left branch)
 t - a +4 ring of protection
Potions
 a - a potion of flight {unknown}
 b - 2 potions of magic {unknown}
 d - 3 potions of curing {unknown}
 e - a potion of heal wounds {unknown}
 f - a potion of might {unknown}
 i - a potion of attraction {unknown}
 l - a potion of lignification
 m - a potion of haste
 p - a potion of ambrosia {unknown}
 q - a potion of brilliance {unknown}
 s - 3 potions of degeneration
 w - a potion of cancellation {unknown}
 x - a potion of invisibility {unknown}


   Skills:
 + Level 9.3 Fighting
 + Level 6.7(9.9) Short Blades
 + Level 12.0(12.8) Long Blades
 + Level 6.1 Maces & Flails
 + Level 9.6 Armour
 + Level 6.4 Dodging
 + Level 1.9 Stealth


You had 10 spell levels left.
You didn't know any spells.
Your spell library contained the following spells:

 Spells                   Type           Power      Damage    Failure   Level
 Animate Dead             Necr           0%         N/A       100%        4
 Haunt                    Necr/Summ      0%         N/A       100%        7
 Infestation              Necr           0%         N/A       100%        8


Dungeon Overview and Level Annotations

Branches:
Dungeon (10/15)            Temple (0/1) D:5
   Lair: D:8-11         Orc: D:9-12

Altars:
Gozag


Innate Abilities, Weirdness & Mutations

You are a tree.
Your roots penetrate the ground, keeping you stationary.
You cannot be teleported.
You are immune to unholy pain and torment.
Your maximum health is greatly increased.
Your equipment is partially melded.
((You have a pair of horns on your head.))
((You reflexively headbutt those who attack you in melee.))


Message History

You throw a boomerang. The boomerang hits the electric eel.
The electric eel is lightly wounded.
The electric eel shoots out a bolt of lightning at you!
The bolt of electricity hits you!
Throw: 2 boomerangs
Press: ? - help, Q - select action, (/) - cycle Shift-Dir - straight line, f/p - electric eel
Aim: an electric eel (lightly wounded, 38% to hit)
You throw a boomerang. The boomerang hits the electric eel!
The electric eel is heavily wounded.
The electric eel shoots out a bolt of lightning at you!
The bolt of electricity hits you.
The electric eel shoots out a bolt of lightning at you!
The bolt of electricity hits you! x2
The bolt of electricity hits the electric eel.
The electric eel completely resists.
You miss the electric eel. Your headbutt misses the electric eel.
The electric eel is heavily wounded.
The electric eel shoots out a bolt of lightning at you!
The bolt of electricity hits you!
* * * LOW HITPOINT WARNING * * *
The bolt of electricity misses you.
The bolt of electricity hits the electric eel.
The electric eel completely resists.
Your skin crawls.
You feel strong-willed.
The electric eel shoots out a bolt of lightning at you!
The bolt of electricity hits you!
* * * LOW HITPOINT WARNING * * *
The bolt of electricity hits you!
* * * LOW HITPOINT WARNING * * *
The bolt of electricity hits the electric eel.
The electric eel completely resists.
You turn into a tree.
Your +0 cloak melds into your body.
Your +0 plate armour melds into your body.
Your roots penetrate the ground.
You barely miss the electric eel.
The electric eel is heavily wounded.
The electric eel shoots out a bolt of lightning at you!
The bolt of electricity hits you!
You die...

#..≈≈≈.h..≈≈≈
##.≈≈≈≈.≈.≈.≈≈≈≈≈
#....≈≈≈≈≈≈≈≈≈≈;≈#
#....≈≈≈≈≈≈≈≈≈≈..#
#..≈≈≈.≈.≈≈≈≈≈.≈.#
#.....≈.≈≈≈≈.≈≈..#
#..≈..;.≈.≈.≈≈≈..#
#.....♣.≈......≈.#
#.........÷÷.....#
#.########.÷#####
#......<..........
##################


You could see a hound (wandering) and an electric eel.

Vanquished Creatures
  A hydra (D:8)
  2 two-headed ogres (D:9)
  A cyclops (D:8)
  14 yaks
  2 wyverns
  A wraith (D:7)
  2 vampire mosquitoes (D:10)
  4 steam dragons
  A water moccasin (D:6)
  A hornet zombie (D:7)
  A black bear (D:5)
  2 ice beasts (D:7)
  3 orc warriors
  A necrophage (D:6)
  2 ogres (D:5)
  3 wolves (D:10)
  6 centaurs
  A phantom (D:5)
  A kobold brigand (D:6)
  5 bullfrogs
  A scorpion (D:3)
  12 wights
  A bullfrog zombie (D:6)
  A centaur zombie (D:6)
  2 hounds (D:10)
  3 jellies
  3 orc priests
  3 gnoll shamans
  A centaur skeleton (D:6)
  11 orc wizards
  2 iguanas
  A hound skeleton (D:4)
  A howler monkey zombie (D:7)
  11 gnolls
  4 adders
  A worm (D:3)
  2 dart slugs
  22 orcs
  8 endoplasms
  2 giant cockroaches (D:1)
  5 goblins
  7 hobgoblins
  2 jackals (D:1)
  4 quokkas
  12 ball pythons
  5 bats
  3 frilled lizards
  13 kobolds
  5 rats
202 creatures vanquished.

Vanquished Creatures (others)
  A hound (D:10)
1 creature vanquished.

Grand Total: 203 creatures vanquished

Notes
Turn   | Place    | Note
-------+----------+-------------------------------------------
     0 | D:1      | ShinMegamiTenseiJew the Minotaur Berserker began the quest
                  | for the Orb.
     0 | D:1      | Reached XP level 1. HP: 19/19 MP: 0/0
    28 | D:1      | Found a faded altar of an unknown god.
   109 | D:1      | Reached XP level 2. HP: 27/27 MP: 1/1
  1004 | D:2      | Reached XP level 3. HP: 33/33 MP: 0/2
  1025 | D:2      | Reached ** piety under Trog
  1813 | D:3      | Reached XP level 4. HP: 41/41 MP: 1/3
  1822 | D:3      | Reached skill level 1 in Short Blades
  2536 | D:3      | Noticed a scorpion
  2547 | D:3      | Killed a scorpion
  2548 | D:3      | Reached XP level 5. HP: 45/47 MP: 1/4
  2684 | D:4      | Reached *** piety under Trog
  2685 | D:4      | Reached skill level 5 in Fighting
  2693 | D:4      | Reached XP level 6. HP: 56/56 MP: 1/5
  3568 | D:5      | Entered Level 5 of the Dungeon
  3683 | D:5      | Reached skill level 1 in Stealth
  3683 | D:5      | Reached XP level 7. HP: 54/61 MP: 2/6
  3842 | D:5      | Reached skill level 5 in Armour
  4187 | D:5      | Reached skill level 5 in Short Blades
  4686 | D:5      | Found a staircase to the Ecumenical Temple.
  5233 | D:6      | Reached XP level 8. HP: 62/70 MP: 7/7
  5246 | D:6      | Reached **** piety under Trog
  5254 | D:6      | Found an opulent altar of Gozag.
  5409 | D:6      | Identified the +1 ring mail "Cachics" {Slay+2}
  5619 | D:6      | Reached skill level 5 in Maces & Flails
  5819 | D:6      | Reached skill level 1 in Long Blades
  5819 | D:6      | Reached skill level 5 in Dodging
  6295 | D:7      | Reached skill level 2 in Long Blades
  6295 | D:7      | Reached XP level 9. HP: 68/79 MP: 8/8
  6387 | D:7      | Reached skill level 3 in Long Blades
  6667 | D:7      | Reached skill level 4 in Long Blades
  7020 | D:8      | Reached skill level 5 in Long Blades
  7024 | D:8      | Reached skill level 6 in Long Blades
  7028 | D:8      | Reached skill level 7 in Long Blades
  7389 | D:8      | Noticed a cyclops
  7395 | D:8      | Killed a cyclops
  7396 | D:8      | Reached skill level 8 in Long Blades
  7396 | D:8      | Reached XP level 10. HP: 70/88 MP: 9/9
  7491 | D:8      | Identified the +9 hand axe "Ceuqex" {drain, rC+}
  7791 | D:8      | Noticed a five-headed hydra
  7795 | D:8      | Killed a seven-headed hydra
  7796 | D:8      | Reached skill level 9 in Long Blades
  8224 | D:9      | Noticed a two-headed ogre
  8235 | D:9      | Killed a two-headed ogre
  8236 | D:9      | Reached skill level 10 in Long Blades
  8694 | D:9      | Reached ***** piety under Trog
  8695 | D:9      | Reached skill level 11 in Long Blades
  9490 | D:9      | Noticed a two-headed ogre
  9499 | D:9      | Killed a two-headed ogre
  9500 | D:9      | Reached XP level 11. HP: 37/97 MP: 10/10
 10482 | D:10     | Entered Level 10 of the Dungeon
 10490 | D:10     | Reached skill level 12 in Long Blades
 10837 | D:10     | HP: 1/97 [electric eel/bolt of electricity (12)]
 10839 | D:10     | Killed from afar by an electric eel

Illustrated notes

Levels and vault maps discovered:
D:1:      minmay_arrival_doors, layout_basic, chequers_ecumenical_altar_simple,
          kennysheep_doodads
D:2:      layout_loops_cross
D:3:      layout_basic, minmay_between
D:4:      layout_layer_cave
D:5:      layout_basic, minmay_temple_entry_enclosed_plants,
          hangedman_decor_slide_cut
D:6:      layout_rooms, lemuel_tele_altar, minmay_puff
D:7:      layout_loops_cross
D:8:      layout_cave_pods
D:9:      nicolae_whirlpool, layout_gridville, nicolae_straight_to_the_point
D:10:     minmay_the_grid_octo_2x2 [minmay_the_grid_octo_thin_diamonds,
          minmay_the_grid_octo_checkerflower,
          minmay_the_grid_octo_tetromino_candy,
          minmay_the_grid_octo_prize_square_snowflake], layout_basic,
          erik_lair_island, minivault_23, uniq_harold

Skill      XL: |  1  2  3  4  5  6  7  8  9 10 11 |
---------------+----------------------------------+-----
Fighting       | 4 5 7 9 |  9.3
Maces & Flails | 4 6 |  6.1
Dodging        | 3 4 5 6 |  6.4
Short Blades   | 1 2 4 6 |  6.7
Armour         | 3 4 5 6 7 9 |  9.6
Stealth        | 1 |  1.9
Long Blades    | 2 8 11 12 | 12.0

Action                   |  1- 3 |  4- 6 |  7- 9 | 10-12 || total
-------------------------+-------+-------+-------+-------++-------
Melee: Mace              |    33 |       |       |       ||    33
       Headbutt          |    12 |    19 |    41 |    25 ||    97
       Rapier            |    47 |    83 |    58 |       ||   188
       Flail             |       |       |    40 |       ||    40
       Great sword       |       |       |    61 |   100 ||   161
Throw: Boomerang         |     1 |       |       |    10 ||    11
Invok: Berserk           |     1 |     1 |     1 |     3 ||     6
       Trog's Hand       |       |       |       |     1 ||     1
  Use: Potion            |       |       |       |     3 ||     3
Armor: Animal skin       |    17 |       |       |       ||    17
       Leather armour    |     5 |       |       |       ||     5
       Scale mail        |     2 |    31 |    29 |       ||    62
       Acid dragon scale |       |       |    27 |       ||    27
       Ring mail         |       |       |    43 |       ||    43
       Chain mail        |       |       |     1 |    58 ||    59
       Plate armour      |       |       |       |    62 ||    62
Dodge: Dodged            |    71 |    48 |   159 |   108 ||   386
       Rpst.: Great sword |       |       |    17 |    20 ||    37
